[Event "Chinese Team-ch Men 2025"]
[Site "Zhang Jiakou Hebei"]
[Date "2025.04.28"]
[Round "4.11"]
[White "Chen, KaiLin"]
[Black "Chu, Weichao"]
[Result "1/2-1/2"]
[Annotator "RC"]
[ECO "B18"]
[WhiteElo "2329"]
[BlackElo "2406"]
[PlyCount "179"]
[EventDate "2025.04.26"]
[EventType "team-tourn"]
[EventCountry "CHN"]
[SourceTitle "playchess.com"]
[Source "ChessBase"]
[SourceQuality "1"]
[TimeControl "5400+30"]

1. e4 c6 2. d4 d5 3. Nc3 dxe4 4. Nxe4 Bf5 5. Ng3 Bg6 6. Nf3 Nd7 7. Bd3 Ngf6 8. O-O e6 9. Re1 Be7 10. b3 a5 11. c4 O-O 12. Bxg6 hxg6 13. Bb2 a4 14. Rc1 Qa5 15. Bc3 Qa6 16. Ne5 Rfd8 17. Qf3 Rac8 18. b4 a3 19. h3 Nxe5 20. dxe5 Nd7 21. Qe2 Nb6 22. c5 Qxe2 23. Rxe2 Nd5 24. Ne4 b6 25. Nd6 Rb8 26. g3 g5 27. Kg2 f6 28. exf6 Bxd6 29. cxd6 gxf6 30. Rxe6 Kf7 31. Re4 Rxd6 32. Bd2 b5 33. h4 gxh4 34. Rxh4 Re8 35. Kf3 Nb6 36. Be3 Nc4 37. Rd4 Rxd4 38. Bxd4 Nd2+ 39. Kg2 Re4 40. Be3 Nc4 41. Rc3 Nxe3+ 42. fxe3 Rxb4 43. Rxa3 Ke6 44. Kf3 c5 45. Ra6+ Ke5 46. Rc6 c4 47. g4 Rb2 48. a4 bxa4 49. Rxc4 a3 50. Ra4 a2 51. Ra5+ Kd6 52. Ke4 Kc6 53. Kd3 Kb6 54. Ra8 Kc5 55. Rc8+ Kd5 56. Rd8+ Ke6 57. Ra8 Rg2 58. Ke4 Kd6 59. Kd3 Kd5 60. Ra5+ Kc6 61. Kc3 Kb6 62. Ra8 Kb5 63. Kb3 Re2 64. Ra7 Kc5 65. Ra5+ Kd6 66. Kc4 Rg2 67. Kd3 Kc6 68. Ra8 Kb7 69. Ra5 Kb6 70. Ra8 Kc5 71. Kc3 Re2 72. Kd3 Rf2 73. Kc3 Kd5 74. Kd3 Ke6 75. Ra7 Rg2 76. Ke4 Rd2 77. Ra6+ Kd7 78. Kf5 Kc7 79. e4 Kb7 80. Ra3 Rf2+ 81. Ke6 Kc6 82. e5 fxe5 83. Kxe5 Kc5 84. g5 Kb4 85. Ra8 Kb3 86. g6 Rg2 87. Kf6 Kb2 88. Rxa2+ Kxa2 89. g7 Rxg7 90. Kxg7 1/2-1/2

[Event "Chinese Team-ch Men 2025"]
[Site "Zhang Jiakou Hebei"]
[Date "2025.04.28"]
[Round "4.12"]
[White "Xi, Qi"]
[Black "Yu, Kaifeng"]
[Result "1/2-1/2"]
[Annotator "RC"]
[ECO "D29"]
[WhiteElo "2257"]
[BlackElo "2312"]
[PlyCount "60"]
[EventDate "2025.04.26"]
[EventType "team-tourn"]
[EventCountry "CHN"]
[SourceTitle "playchess.com"]
[Source "ChessBase"]
[SourceQuality "1"]
[TimeControl "5400+30"]

1. d4 Nf6 2. c4 e6 3. Nf3 d5 4. Nc3 dxc4 5. e3 a6 6. Bxc4 b5 7. Bb3 Bb7 8. O-O c5 9. Qe2 Nbd7 10. Rd1 Qc7 11. Bd2 Be7 12. Rac1 Qb8 13. Bc2 O-O 14. e4 cxd4 15. Nxd4 Rd8 16. Bg5 Bd6 17. Nf3 Bf4 18. Bxf4 Qxf4 19. Qd2 Qxd2 20. Nxd2 Nb6 21. f3 Rac8 22. Kf2 Nfd7 23. Ke1 Kf8 24. Ne2 Ne5 25. b3 b4 26. Nf1 Rxd1+ 27. Kxd1 a5 28. Bb1 Rxc1+ 29. Nxc1 Ba6 30. Ne3 g5 1/2-1/2

[Event "Chinese Team-ch Men 2025"]
[Site "Zhang Jiakou Hebei"]
[Date "2025.04.28"]
[Round "4.13"]
[White "Xu, Minghui"]
[Black "Bai, Jinshi"]
[Result "1/2-1/2"]
[Annotator "RC"]
[ECO "C50"]
[WhiteElo "2459"]
[BlackElo "2569"]
[PlyCount "173"]
[EventDate "2025.04.26"]
[EventType "team-tourn"]
[EventCountry "CHN"]
[SourceTitle "playchess.com"]
[Source "ChessBase"]
[SourceQuality "1"]
[TimeControl "5400+30"]

1. e4 e5 2. Nf3 Nc6 3. Bc4 Nf6 4. d3 Bc5 5. O-O O-O 6. Bg5 Be7 7. Re1 h6 8. Bh4 d6 9. a4 Nh5 10. Bxe7 Qxe7 11. Nc3 Nf4 12. Nd5 Nxd5 13. Bxd5 Qf6 14. h3 Ne7 15. d4 Ng6 16. dxe5 dxe5 17. Nh2 Nf4 18. Qf3 Nxd5 19. exd5 Qxf3 20. Nxf3 f6 21. a5 Rd8 22. Red1 Bf5 23. Ne1 b5 24. axb6 axb6 25. c4 h5 26. Kf1 h4 27. Ke2 b5 28. Ra4 Ra7 29. Rxa7 Rb8 30. Ra8 Rxa8 31. cxb5 Rb8 32. Rc1 Rxb5 33. Rc2 c6 34. Rxc6 Rb4 35. Rc7 Rxb2+ 36. Ke3 Rb3+ 37. Ke2 Rb5 38. Nf3 g5 39. Nh2 Rxd5 40. Ng4 Bxg4+ 41. hxg4 Rd4 42. f3 Kf8 43. Ra7 Ke8 44. Ke3 Rd7 45. Ra6 Kf7 46. Rb6 Rd1 47. Rb2 Ke6 48. Ra2 Rd6 49. Ke4 Rd4+ 50. Ke3 Kd5 51. Ra6 Rf4 52. Ra5+ Kc4 53. Ra4+ Kc3 54. Ra6 e4 55. Rc6+ Kb4 56. Re6 exf3 57. gxf3 Kc5 58. Ra6 Kd5 59. Ra5+ Ke6 60. Ra6+ Kf7 61. Ra7+ Kg6 62. Kf2 Rd4 63. Ra2 Kf7 64. Re2 Rd6 65. Kg2 Re6 66. Ra2 Re3 67. Ra7+ Ke6 68. Ra6+ Kf7 69. Ra7+ Re7 70. Ra2 Rd7 71. Re2 Rd3 72. Kf2 Rd6 73. Kg2 Re6 74. Ra2 Ke7 75. Ra7+ Kd6 76. Kf2 Kd5 77. Ra5+ Kd4 78. Ra4+ Kc3 79. f4 Kd3 80. fxg5 fxg5 81. Ra5 Rg6 82. Kf3 Rf6+ 83. Rf5 Rg6 84. Rd5+ Kc4 85. Rf5 Kd3 86. Rd5+ Kc4 87. Rf5 1/2-1/2

[Event "Chinese Team-ch Men 2025"]
[Site "Zhang Jiakou Hebei"]
[Date "2025.04.28"]
[Round "4.14"]
[White "Kong, Xiangrui"]
[Black "Chen, Yuan"]
[Result "1-0"]
[Annotator "RC"]
[ECO "D30"]
[WhiteElo "2451"]
[BlackElo "2286"]
[PlyCount "103"]
[EventDate "2025.04.26"]
[EventType "team-tourn"]
[EventCountry "CHN"]
[SourceTitle "playchess.com"]
[Source "ChessBase"]
[SourceQuality "1"]
[TimeControl "5400+30"]

1. d4 d5 2. c4 c6 3. Nf3 Nf6 4. e3 e6 5. b3 Bb4+ 6. Nbd2 O-O 7. Bb2 Ne4 8. Bd3 f5 9. O-O Bd7 10. Nb1 Be8 11. Ne5 Qe7 12. Qc1 Nd7 13. Nxd7 Bxd7 14. Ba3 a5 15. Bxb4 axb4 16. Nd2 b6 17. Nf3 Nc3 18. a3 Rfc8 19. Ne5 Be8 20. Qd2 g6 21. axb4 Qxb4 22. Bc2 Na2 23. Qe2 Qc3 24. Bxf5 exf5 25. Rxa2 Qxb3 26. Rb2 Qc3 27. Rxb6 dxc4 28. Rbb1 Bf7 29. Rbc1 Qb3 30. Nxf7 Kxf7 31. Qxc4+ Qxc4 32. Rxc4 Ke7 33. Rfc1 Kd7 34. Rc5 Rab8 35. h4 Ra8 36. R1c2 Rab8 37. g3 Ra8 38. Kg2 Rab8 39. Kf3 Ra8 40. Kf4 Rab8 41. Kg5 Rb5 42. d5 Rxc5 43. Rxc5 Rb8 44. dxc6+ Kc7 45. Kh6 Rb2 46. Kxh7 Rxf2 47. Kxg6 Rf3 48. h5 Rxg3+ 49. Kxf5 Rxe3 50. h6 Rf3+ 51. Kg6 Rg3+ 52. Rg5 1-0

[Event "Chinese Team-ch Men 2025"]
[Site "Zhang Jiakou Hebei"]
[Date "2025.04.28"]
[Round "4.15"]
[White "Chen, Zhi"]
[Black "Xie, Kaifan"]
[Result "1/2-1/2"]
[Annotator "RC"]
[ECO "C47"]
[WhiteElo "2094"]
[BlackElo "2435"]
[PlyCount "73"]
[EventDate "2025.04.26"]
[EventType "team-tourn"]
[EventCountry "CHN"]
[SourceTitle "playchess.com"]
[Source "ChessBase"]
[SourceQuality "1"]
[TimeControl "5400+30"]

1. e4 e5 2. Nf3 Nc6 3. Nc3 Nf6 4. h3 Bb4 5. Bd3 O-O 6. O-O Re8 7. Re1 a5 8. Nd5 h6 9. c3 Bc5 10. Bc2 Ba7 11. d3 d6 12. Be3 Nxd5 13. exd5 Bxe3 14. dxc6 Bb6 15. d4 exd4 16. Qd3 g6 17. Nxd4 bxc6 18. Qc4 Qd7 19. Qxc6 Qxc6 20. Nxc6 Bd7 21. Ne7+ Kg7 22. Nd5 Rxe1+ 23. Rxe1 Rb8 24. b3 Be6 25. Nf4 Kf6 26. Be4 Bd7 27. Nd5+ Kg7 28. Bf3 Kf8 29. Nf6 Rd8 30. Nxd7+ Rxd7 31. Bd5 c6 32. Bxc6 Rc7 33. Re8+ Kg7 34. Bd5 Rxc3 35. Re7 Rc1+ 36. Kh2 Rc7 37. Rxc7 1/2-1/2

[Event "Chinese Team-ch Men 2025"]
[Site "Zhang Jiakou Hebei"]
[Date "2025.04.28"]
[Round "4.16"]
[White "Jin, Yueheng"]
[Black "Gao, Kai"]
[Result "1/2-1/2"]
[Annotator "RC"]
[ECO "A28"]
[WhiteElo "2383"]
[BlackElo "1894"]
[PlyCount "74"]
[EventDate "2025.04.26"]
[EventType "team-tourn"]
[EventCountry "CHN"]
[SourceTitle "playchess.com"]
[Source "ChessBase"]
[SourceQuality "1"]
[TimeControl "5400+30"]

1. c4 Nf6 2. Nc3 e5 3. Nf3 Nc6 4. e4 d6 5. d4 Bg4 6. d5 Nd4 7. Be3 Nxf3+ 8. gxf3 Bd7 9. f4 Ng4 10. Bd2 exf4 11. Bxf4 Qf6 12. Qd2 h6 13. h4 Ne5 14. Be2 g5 15. Bxe5 Qxe5 16. hxg5 hxg5 17. Rxh8 Qxh8 18. Qxg5 Bg7 19. Qe3 Qh1+ 20. Bf1 Qh4 21. Kd1 b6 22. Kc2 O-O-O 23. Bd3 Be5 24. Rf1 Rg8 25. Ne2 Qh8 26. b3 Bb2 27. Qd2 Rg2 28. Nc3 Ba3 29. Qe3 Qf6 30. Be2 Bc5 31. Qf3 Qxf3 32. Bxf3 Rxf2+ 33. Rxf2 Bxf2 34. Kd3 f5 35. exf5 Bxf5+ 36. Be4 Bg4 37. Ne2 Bxe2+ 1/2-1/2

[Event "Chinese Team-ch Men 2025"]
[Site "Zhang Jiakou Hebei"]
[Date "2025.04.28"]
[Round "4.17"]
[White "Cao, Qingfeng"]
[Black "Xu, Xiangyu"]
[Result "1/2-1/2"]
[Annotator "TA"]
[ECO "D30"]
[WhiteElo "2443"]
[BlackElo "2623"]
[PlyCount "120"]
[EventDate "2025.04.26"]
[EventType "team-tourn"]
[EventCountry "CHN"]
[SourceTitle "playchess.com"]
[Source "ChessBase"]
[SourceQuality "1"]
[TimeControl "5400+30"]

1. d4 d5 2. c4 e6 3. Nf3 Nd7 4. g3 dxc4 5. Bg2 Rb8 6. a4 {[%emt 0:00:42] D30: Queen's Gambit Declined: Systems without Nc3.} a6 7. a5 Bd6 8. Nbd2 {[%emt 0:03:17] White is slightly better.} b5 9. axb6 Nxb6 {[%emt 0:00:05] [#]} 10. Nxc4 $1 Nxc4 11. Qa4+ Rb5 12. Qxc4 Ne7 13. O-O O-O 14. Rd1 $146 (14. Qc2 h6 15. Nd2 c5 16. dxc5 Bxc5 17. Ne4 Bd4 18. Nc3 Ra5 19. Bd2 Rxa1 20. Rxa1 Qb6 21. e3 Bxc3 22. Bxc3 Bb7 23. Bd4 Qb5 24. Bc3 {½-½ Peyrer,K (2431)-Romanov,E (2559) Vienna Ottakring 100 Years 2023 (9)}) 14... Bb7 {[%emt 0:04:56] Prevents e4.} 15. Ne1 Bxg2 16. Nxg2 Qa8 17. Qxb5 axb5 18. Rxa8 Rxa8 19. Ne1 Ra1 20. Nd3 Nc6 21. e3 Na5 22. Re1 Nb3 23. Bd2 Ra4 24. Rd1 Kf8 25. Kf1 Ke7 26. Ke2 g5 27. h3 h5 28. Nc1 Nxd2 29. Rxd2 $11 {[%emt 0:06:08][%mdl 4096] Endgame KRB-KRN} Ra1 30. Rd1 e5 31. dxe5 Bxe5 32. Nd3 Rxd1 33. Kxd1 {[%emt 0:00:04] KB-KN} Kd6 34. f4 gxf4 35. gxf4 Bg7 36. e4 $1 c5 37. b3 {[%emt 0:00:10] [#]} f5 $1 38. exf5 Kd5 39. Kd2 Kd4 {[%emt 0:04:16][%mdl 1024] Black has compensation.} 40. Kc2 Bf6 41. Kd2 Be7 42. Ne5 {[%emt 0:04:11] Nc6+ would now be deadly.} Ke4 $1 43. Ke2 (43. Nd3 $11) 43... Kxf5 $17 {[%emt 0:00:35][%cal Of5e4] Hoping for ...Ke4!.} 44. Kf3 {[%emt 0:00:34] [#]} Bd6 (44... Bf8 $1 $17) 45. Nd3 $11 {[%emt 0:01:02] The position is equal.} h4 46. Ke3 c4 47. bxc4 bxc4 48. Ne1 Bc5+ 49. Kf3 c3 50. Nc2 Bb6 51. Na3 Ba7 (51... Bc5 $5 52. Nc2 $8 Bb6 $11) 52. Nc2 Bg1 53. Kg2 Bb6 (53... Bc5 $5 54. Kf3 $8 Bg1 $11) 54. Kf3 Bc5 55. Ne1 Ba7 56. Nc2 Bb6 57. Na3 Bg1 58. Nc2 Bc5 59. Ne1 Ba3 60. Nc2 Bc5 {[%emt 0:00:07] Weighted Error Value: White=0.09 (flawless) /Black=0.07 (flawless)   Mistake:       	White=1     	Black=1      Inaccurate:     	White=2     	Black=1      OK:         	White=25    	Black=23     Best:        	White=10    	Black=1      Strong:       	White=1     	---} 1/2-1/2

[Event "Chinese Team-ch Men 2025"]
[Site "Zhang Jiakou Hebei"]
[Date "2025.04.28"]
[Round "4.18"]
[White "Zhao, Yuanhe"]
[Black "Dong, Hongfu"]
[Result "1-0"]
[Annotator "RC"]
[ECO "A34"]
[WhiteElo "2482"]
[BlackElo "2238"]
[PlyCount "111"]
[EventDate "2025.04.26"]
[EventType "team-tourn"]
[EventCountry "CHN"]
[SourceTitle "playchess.com"]
[Source "ChessBase"]
[SourceQuality "1"]
[TimeControl "5400+30"]

1. Nf3 Nf6 2. c4 c5 3. Nc3 Nc6 4. g3 d5 5. cxd5 Nxd5 6. Bg2 Nc7 7. O-O e5 8. a3 Rb8 9. Rb1 f6 10. d3 Bd7 11. Be3 Be7 12. Nd2 O-O 13. b4 Ne6 14. Nd5 cxb4 15. axb4 Ncd4 16. Nc4 Bc6 17. Bxd4 Nxd4 18. Nxe7+ Qxe7 19. Bxc6 bxc6 20. e3 Ne6 21. Na5 Qd7 22. Qg4 Kh8 23. h4 Rbc8 24. Qc4 f5 25. Kh2 g5 26. Qc3 Qg7 27. Nc4 gxh4 28. Qxe5 hxg3+ 29. fxg3 Qxe5 30. Nxe5 c5 31. b5 Rcd8 32. Rb3 Rd5 33. Nc4 Rb8 34. Kg2 Nc7 35. Rfb1 Rd7 36. Ne5 Rg7 37. Kf2 Nd5 38. Rc1 Re8 39. Rxc5 Rxe5 40. d4 Rxe3 41. Rxe3 Nxe3 42. Kxe3 Rxg3+ 43. Kf4 Rg4+ 44. Ke5 f4 45. Rc1 Kg7 46. d5 Kf8 47. Rc8+ Ke7 48. Rc7+ Kd8 49. Rxa7 f3 50. Rf7 Rb4 51. Ke6 Ke8 52. Rxf3 Rxb5 53. d6 Rb7 54. Ra3 Kf8 55. Ra8+ Kg7 56. d7 1-0

[Event "Chinese Team-ch Men 2025"]
[Site "Zhang Jiakou Hebei"]
[Date "2025.04.28"]
[Round "4.19"]
[White "Xia, Jinnan"]
[Black "Jiang, Qinyu"]
[Result "0-1"]
[Annotator "RC"]
[ECO "D39"]
[WhiteElo "1959"]
[BlackElo "2280"]
[PlyCount "106"]
[EventDate "2025.04.26"]
[EventType "team-tourn"]
[EventCountry "CHN"]
[SourceTitle "playchess.com"]
[Source "ChessBase"]
[SourceQuality "1"]
[TimeControl "5400+30"]

1. d4 Nf6 2. c4 e6 3. Nf3 d5 4. Nc3 dxc4 5. e4 Bb4 6. Bg5 c5 7. Bxc4 cxd4 8. Nxd4 Bxc3+ 9. bxc3 Qa5 10. Bxf6 Qxc3+ 11. Kf1 gxf6 12. Bb5+ Ke7 13. Rc1 Qa5 14. Qb3 Rd8 15. Be2 Nc6 16. Nxc6+ bxc6 17. Qc4 Rb8 18. h4 Rb2 19. Qxc6 Bb7 20. Qc7+ Qxc7 21. Rxc7+ Kf8 22. Rc1 Bxe4 23. Rh3 Rdd2 24. Re1 Bd5 25. Rc3 Rxa2 26. h5 Kg7 27. g4 e5 28. f3 Bb7 29. Rb1 Bd5 30. Re1 a5 31. Kf2 a4 32. Ke3 a3 33. Bd3 Rf2 34. h6+ Kxh6 35. Rh1+ Kg7 36. Rxh7+ Kf8 37. Rh3 Ke7 38. Rc7+ Kd6 39. Rc3 Rfb2 40. Rh8 Ra1 41. Bf5 Re1+ 42. Kd3 a2 43. Rd8+ Ke7 44. Rcc8 Bc4+ 45. Kxc4 Rc1+ 46. Kd3 Rxc8 47. Rxc8 a1=Q 48. Rc7+ Kd6 49. Rd7+ Kc6 50. Be4+ Kxd7 51. Bf5+ Kd6 52. Ke3 Qa7+ 53. Kd3 Qd4# 0-1

[Event "Chinese Team-ch Men 2025"]
[Site "Zhang Jiakou Hebei"]
[Date "2025.04.28"]
[Round "4.20"]
[White "Gong, Bonuonuo"]
[Black "Pan, Xizhi"]
[Result "0-1"]
[Annotator "NA RC"]
[ECO "A17"]
[WhiteElo "1709"]
[BlackElo "1821"]
[PlyCount "107"]
[EventDate "2025.04.26"]
[EventType "team-tourn"]
[EventCountry "CHN"]
[SourceTitle "playchess.com"]
[Source "ChessBase"]
[SourceQuality "1"]
[TimeControl "5400+30"]

1. c4 e6 2. Nc3 Nf6 3. Nf3 b6 4. e4 Bb7 5. d3 d6 6. Be2 Be7 7. O-O O-O 8. h3 c5 9. Nh2 d5 10. cxd5 exd5 11. e5 Nfd7 12. f4 d4 13. Bf3 Qc8 14. Nd5 Bh4 15. g3 Bd8 16. Re1 Nc6 17. Be4 Ne7 18. Qh5 g6 19. Qf3 Nxd5 20. Bxd5 Bxd5 21. Qxd5 b5 22. Ng4 Nb6 23. Qe4 f5 24. exf6 Bxf6 25. b3 Bg7 26. Bd2 Re8 27. Qf3 Qf5 28. Rac1 h5 29. Nf2 Rxe1+ 30. Rxe1 Rc8 31. g4 hxg4 32. hxg4 Qd7 33. Qe4 Qc6 34. f5 c4 35. bxc4 gxf5 36. Qxf5 bxc4 37. Re6 Qd7 38. dxc4 Nxc4 39. Bh6 Rf8 40. Qe4 Qf7 41. Qe2 Ne3 42. Ra6 Bxh6 43. Rxh6 Qxf2+ 44. Qxf2 Rxf2 45. Rg6+ Kf7 46. Ra6 Rf1+ 47. Kh2 d3 48. Rxa7+ Ke6 49. Ra3 d2 50. Rxe3+ Kf6 51. Rd3 d1=Q 52. Rxd1 Rxd1 53. a4 Rd4 54. Kg3 0-1

[Event "Chinese Team-ch Men 2025"]
[Site "Zhang Jiakou Hebei"]
[Date "2025.04.28"]
[Round "4.21"]
[White "Xu, Yinglun"]
[Black "Chen, Qi b"]
[Result "1/2-1/2"]
[Annotator "RC"]
[ECO "D37"]
[WhiteElo "2522"]
[BlackElo "2482"]
[PlyCount "60"]
[EventDate "2025.04.26"]
[EventType "team-tourn"]
[EventCountry "CHN"]
[SourceTitle "playchess.com"]
[Source "ChessBase"]
[SourceQuality "1"]
[TimeControl "5400+30"]

1. d4 Nf6 2. Nf3 d5 3. c4 e6 4. Nc3 a6 5. c5 b6 6. cxb6 cxb6 7. Bf4 Bd6 8. Bxd6 Qxd6 9. e3 O-O 10. Bd3 Bb7 11. O-O Nbd7 12. Rc1 Rfc8 13. Qb3 b5 14. a4 bxa4 15. Nxa4 Bc6 16. Nc5 a5 17. Qa3 a4 18. Nxd7 Qxd7 19. Ne5 Qb7 20. Nxc6 Rxc6 21. Rxc6 Qxc6 22. Ra1 Nd7 23. b3 Nb6 24. bxa4 Rxa4 25. Qb2 Rxa1+ 26. Qxa1 Nc4 27. g3 g6 28. Kg2 Kg7 29. Bxc4 Qxc4 30. h4 h6 1/2-1/2

[Event "Chinese Team-ch Men 2025"]
[Site "Zhang Jiakou Hebei"]
[Date "2025.04.28"]
[Round "4.22"]
[White "Chen, Hongsen"]
[Black "Zhao, Chenxi"]
[Result "0-1"]
[Annotator "RC"]
[ECO "A46"]
[WhiteElo "2402"]
[BlackElo "2453"]
[PlyCount "74"]
[EventDate "2025.04.26"]
[EventType "team-tourn"]
[EventCountry "CHN"]
[SourceTitle "playchess.com"]
[Source "ChessBase"]
[SourceQuality "1"]
[TimeControl "5400+30"]

1. d4 d5 2. Nf3 e6 3. g3 Nf6 4. Bg2 b5 5. O-O Be7 6. a4 b4 7. c4 bxc3 8. Nxc3 O-O 9. Ne5 Ba6 10. Re1 Nfd7 11. Nd3 c5 12. e4 cxd4 13. exd5 dxc3 14. d6 Bf6 15. Bxa8 Bxd3 16. Qxd3 cxb2 17. Bxb2 Bxb2 18. Rab1 Qa5 19. Red1 Bf6 20. Qb5 Qxb5 21. axb5 Bd8 22. f4 Bb6+ 23. Kg2 Rd8 24. Kf3 g6 25. g4 Kg7 26. Bc6 e5 27. g5 exf4 28. Kxf4 Nc5 29. h4 Ne6+ 30. Ke4 Bf2 31. Ra1 a6 32. Bd5 Rxd6 33. Kf3 Bxh4 34. Kg4 Bxg5 35. Bxe6 Rxe6 36. bxa6 h5+ 37. Kxg5 Re4 0-1

[Event "Chinese Team-ch Men 2025"]
[Site "Zhang Jiakou Hebei"]
[Date "2025.04.28"]
[Round "4.23"]
[White "Wu, Yixing"]
[Black "Jin, Hongtao"]
[Result "1/2-1/2"]
[Annotator "RC"]
[ECO "A13"]
[WhiteElo "2406"]
[BlackElo "2343"]
[PlyCount "59"]
[EventDate "2025.04.26"]
[EventType "team-tourn"]
[EventCountry "CHN"]
[SourceTitle "playchess.com"]
[Source "ChessBase"]
[SourceQuality "1"]
[TimeControl "5400+30"]

1. Nf3 Nf6 2. c4 e6 3. g3 d5 4. Bg2 d4 5. d3 Bb4+ 6. Bd2 a5 7. Na3 Nc6 8. Nc2 Be7 9. O-O e5 10. e3 O-O 11. exd4 exd4 12. b3 Bf5 13. Bf4 Qd7 14. Ne5 Nxe5 15. Bxe5 c5 16. Na3 Ng4 17. Bf4 g5 18. Bc1 Ne5 19. f4 gxf4 20. Bxf4 Nxd3 21. Bh6 Rfe8 22. Bxb7 Rab8 23. Bd5 Bf8 24. Qd2 Bg6 25. Rxf7 Bxf7 26. Qg5+ Kh8 27. Qf6+ Kg8 28. Qg5+ Kh8 29. Qf6+ Kg8 30. Qg5+ 1/2-1/2

[Event "Chinese Team-ch Men 2025"]
[Site "Zhang Jiakou Hebei"]
[Date "2025.04.28"]
[Round "4.24"]
[White "Yang, ZiLong"]
[Black "Ren, Yibai"]
[Result "1-0"]
[Annotator "RC"]
[ECO "B41"]
[WhiteElo "2337"]
[BlackElo "2027"]
[PlyCount "105"]
[EventDate "2025.04.26"]
[EventType "team-tourn"]
[EventCountry "CHN"]
[SourceTitle "playchess.com"]
[Source "ChessBase"]
[SourceQuality "1"]
[TimeControl "5400+30"]

1. e4 c5 2. Nf3 a6 3. c4 e6 4. d4 cxd4 5. Nxd4 Nf6 6. Bd3 Nc6 7. Nc2 d5 8. exd5 exd5 9. O-O dxc4 10. Bxc4 Qxd1 11. Rxd1 Be7 12. Nc3 O-O 13. Bf4 b5 14. Be2 Bb7 15. Ne3 Rad8 16. Bf3 Rxd1+ 17. Rxd1 Rd8 18. Rc1 Kf8 19. Nf5 Rd7 20. Kf1 Nd8 21. Bxb7 Nxb7 22. Nxe7 Kxe7 23. Rc2 Nd5 24. Nxd5+ Rxd5 25. Rc7+ Rd7 26. Rc6 a5 27. Rb6 b4 28. Rb5 f6 29. Ke2 Ke6 30. g4 h6 31. h4 Ke7 32. h5 Kf7 33. b3 Ke7 34. Ke3 Kf7 35. Ke4 Ke6 36. f3 Kf7 37. Rd5 Ke6 38. Rxd7 Kxd7 39. Kd5 Nd8 40. Bd6 Ne6 41. f4 Nd8 42. Bc5 Ne6 43. f5 Nf4+ 44. Kc4 Kc6 45. Bf8 Nd5 46. Kd4 Nc3 47. Bxg7 Nxa2 48. Bxf6 Kd7 49. g5 a4 50. gxh6 axb3 51. Kc4 Nc3 52. Bxc3 bxc3 53. Kxc3 1-0

[Event "Chinese Team-ch Men 2025"]
[Site "Zhang Jiakou Hebei"]
[Date "2025.04.28"]
[Round "4.25"]
[White "Gong, Changda"]
[Black "Wang, Yiye"]
[Result "1-0"]
[Annotator "RC"]
[ECO "D96"]
[WhiteElo "2131"]
[BlackElo "2446"]
[PlyCount "95"]
[EventDate "2025.04.26"]
[EventType "team-tourn"]
[EventCountry "CHN"]
[SourceTitle "playchess.com"]
[Source "ChessBase"]
[SourceQuality "1"]
[TimeControl "5400+30"]

1. d4 Nf6 2. c4 g6 3. Nc3 d5 4. Nf3 Bg7 5. Qb3 dxc4 6. Qxc4 a6 7. e4 b5 8. Qb3 c5 9. dxc5 Be6 10. Qc2 O-O 11. Be2 Nbd7 12. Be3 Qc7 13. Ng5 Nxc5 14. Nxb5 axb5 15. Qxc5 Qxc5 16. Bxc5 Bxa2 17. Bxe7 Rfe8 18. Ba3 Bc4 19. Bxc4 bxc4 20. f3 Ra5 21. Nh3 Nxe4 22. fxe4 Rxe4+ 23. Kd2 Rd5+ 24. Kc1 Re2 25. Nf4 Bh6 26. g3 Bxf4+ 27. gxf4 c3 28. bxc3 Rdd2 29. Kb1 Rf2 30. c4 Rd3 31. Ra2 Rxf4 32. Rc1 Rb3+ 33. Ka1 Rb6 34. Bb2 Kf8 35. c5 Rc6 36. Be5 Re4 37. Bd6+ Kg7 38. Ra7 Rc8 39. Rf1 Kh6 40. Rfxf7 Kg5 41. Rxh7 Rb4 42. Rhb7 Rd4 43. Kb2 Kf5 44. Rf7+ Ke6 45. Rg7 Rg4 46. Kc3 Kd5 47. Rae7 Ra8 48. Re5+ 1-0

[Event "Chinese Team-ch Men 2025"]
[Site "Zhang Jiakou Hebei"]
[Date "2025.04.28"]
[Round "4.26"]
[White "Hou, Yifan b"]
[Black "Qu, Haoming"]
[Result "1-0"]
[Annotator "RC"]
[ECO "D90"]
[WhiteElo "2313"]
[BlackElo "2066"]
[PlyCount "81"]
[EventDate "2025.04.26"]
[EventType "team-tourn"]
[EventCountry "CHN"]
[SourceTitle "playchess.com"]
[Source "ChessBase"]
[SourceQuality "1"]
[TimeControl "5400+30"]

1. d4 d5 2. c4 c6 3. Nf3 Nf6 4. Nc3 g6 5. h3 dxc4 6. a4 Nd5 7. a5 Bg7 8. e3 c5 9. Bxc4 Nxc3 10. bxc3 O-O 11. O-O Nc6 12. Qa4 Bd7 13. Qa2 cxd4 14. cxd4 Rc8 15. Bd2 Rc7 16. Rac1 a6 17. Rfd1 Qc8 18. Ng5 Nd8 19. Bb3 Bc6 20. d5 Bb5 21. Ne4 Be5 22. Rxc7 Qxc7 23. Bb4 Kg7 24. f4 Bd6 25. Nxd6 exd6 26. Qa3 Re8 27. Bxd6 Qd7 28. Be5+ f6 29. Bd4 Nf7 30. Qa1 Qd6 31. Ba4 Bxa4 32. Qxa4 Qd8 33. Rb1 Nd6 34. Rb6 Ne4 35. Rxb7+ Kh6 36. Qd7 Qxd7 37. Rxd7 Rc8 38. g4 Rc1+ 39. Kg2 Rc2+ 40. Kf3 f5 41. Bg7# 1-0

[Event "Chinese Team-ch Men 2025"]
[Site "Zhang Jiakou Hebei"]
[Date "2025.04.28"]
[Round "4.27"]
[White "Wu, Kaige"]
[Black "Fan, Huifeng"]
[Result "1/2-1/2"]
[Annotator "RC"]
[ECO "B20"]
[WhiteElo "1753"]
[BlackElo "2178"]
[PlyCount "117"]
[EventDate "2025.04.26"]
[EventType "team-tourn"]
[EventCountry "CHN"]
[SourceTitle "playchess.com"]
[Source "ChessBase"]
[SourceQuality "1"]
[TimeControl "5400+30"]

1. e4 c5 2. g3 d5 3. exd5 Qxd5 4. Nf3 Bg4 5. Bg2 Qe6+ 6. Kf1 Nc6 7. h3 Bh5 8. d3 Qd7 9. Na3 e6 10. g4 Bg6 11. Nc4 Bd6 12. Qe2 f6 13. Nh4 Nge7 14. Nxg6 hxg6 15. c3 O-O-O 16. Be3 Nd5 17. Rd1 f5 18. gxf5 gxf5 19. Bxd5 exd5 20. Nxd6+ Qxd6 21. Qf3 g6 22. Bf4 Qf6 23. Rg1 Rh5 24. Qg2 Re8 25. Qxg6 Qxg6 26. Rxg6 Rxh3 27. Kg2 Rh4 28. Kg3 Rh7 29. Rg5 Rf7 30. Kf3 d4 31. Rd2 Re1 32. Rg8+ Kd7 33. Rg6 Ra1 34. Re2 Re7 35. Rxe7+ Nxe7 36. Rd6+ Kc8 37. cxd4 cxd4 38. Rxd4 Rxa2 39. Be5 Nc6 40. Rc4 Kd7 41. Bc3 Kd6 42. Rf4 Ke6 43. Rh4 b5 44. Rh6+ Kd5 45. Kf4 b4 46. Bf6 a5 47. Kxf5 Nd4+ 48. Kf4 Ne6+ 49. Ke3 a4 50. Rh4 b3 51. Rb4 Ra1 52. f4 Nc5 53. Kd2 a3 54. bxa3 Rxa3 55. Be7 Ra2+ 56. Ke3 b2 57. Rb5 Kc6 58. Rxc5+ Kb6 59. Rc4 1/2-1/2

[Event "Chinese Team-ch Men 2025"]
[Site "Zhang Jiakou Hebei"]
[Date "2025.04.28"]
[Round "4.29"]
[White "Yu, Shi"]
[Black "Wan, Yunguo"]
[Result "0-1"]
[Annotator "RC"]
[ECO "A13"]
[WhiteElo "1973"]
[BlackElo "2500"]
[PlyCount "118"]
[EventDate "2025.04.26"]
[EventType "team-tourn"]
[EventCountry "CHN"]
[SourceTitle "playchess.com"]
[Source "ChessBase"]
[SourceQuality "1"]
[TimeControl "5400+30"]

1. Nf3 Nf6 2. c4 e6 3. b3 d5 4. Bb2 b6 5. cxd5 exd5 6. e3 Bd6 7. Be2 O-O 8. O-O Re8 9. Nc3 Bb7 10. Nb5 Be7 11. Be5 Na6 12. Rc1 c6 13. Nbd4 Nc5 14. Bxf6 Bxf6 15. b4 Ne6 16. Nxc6 Qd6 17. b5 Rec8 18. d4 Bxc6 19. bxc6 Rxc6 20. Bb5 Rc7 21. Rxc7 Qxc7 22. Qb3 Rd8 23. Qb1 Qb8 24. Rc1 Rc8 25. h3 Rxc1+ 26. Qxc1 Qc7 27. Qxc7 Nxc7 28. Bd3 Kf8 29. Kf1 h6 30. Ke2 Ke7 31. Ne1 Kd6 32. Nc2 Be7 33. Kd2 b5 34. Kc3 Kc6 35. Kb3 a5 36. a4 b4 37. Na1 Bh4 38. g3 Bd8 39. Kc2 Ne6 40. f4 Kd6 41. Kd1 Bb6 42. Nb3 Nc7 43. g4 Ke6 44. Ke2 Ne8 45. Bf5+ Ke7 46. Bd3 Nd6 47. Nd2 Ke6 48. Kf3 f5 49. Kg3 Kf6 50. h4 fxg4 51. Kxg4 Nf5 52. Bxf5 h5+ 53. Kxh5 Kxf5 54. Nb3 Bd8 55. Nd2 Be7 56. Nf1 b3 57. Ng3+ Kf6 58. Ne2 b2 59. Nc3 Kf5 0-1